 Dungeon Crawl Stone Soup version 0.19.1-1-g22dce08 (webtiles) character file.

1500 markt42 the Basher (level 8, 0/48 HPs)
             Began as a Gargoyle Monk on Jan 6, 2017.
             Was a Believer of Okawaru.
             Incinerated by bananaglory's ghost (3 damage)
             ... with a sticky flame
             ... on level 6 of the Dungeon.
             The game lasted 00:06:53 (7014 turns).

markt42 the Basher (Gargoyle Monk)                  Turns: 7014, Time: 00:06:54

Health: 0/48       AC: 15    Str: 18    XL:     8   Next: 81%
Magic:  8/8        EV:  8    Int: 15    God:    Okawaru [**....]
Gold:   206        SH:  0    Dex: 12    Spells: 0 memorised, 7 levels left

rFire  . . .     SeeInvis .     a - +0 mace
rCold  + . .     Gourm    .     y - +0 chain mail
rNeg   + . .     Faith    .     (no shield)
rPois  ∞         Spirit   .     (no helmet)
rElec  +         Reflect  .     (no cloak)
rCorr  .         Harm     .     (no gloves)
MR     .....                    (no boots)
Stlth  ..........               (no amulet)
                                (no ring)
                                q - ring of protection from cold

@: brilliant, liquid flames, glowing
A: hooves 1, negative energy resistance 1, electricity resistance, slow
regeneration 1, unbreathing, petrification resistance, rot immunity, AC +5
a: Heroism, Renounce Religion


You were on level 6 of the Dungeon.
You worshipped Okawaru.
Okawaru was pleased with you.
You were hungry.

You visited 2 branches of the dungeon, and saw 7 of its levels.

You collected 306 gold pieces.
You spent 100 gold pieces at shops.

Inventory:

Hand Weapons
 a - a +0 mace (weapon)
Armour
 y - a +0 chain mail (worn)
Jewellery
 g - a cursed -2 ring of dexterity {unknown}
 q - a ring of protection from cold (left hand)
 z - an uncursed ring of protection from magic {unknown}
Wands
 n - a wand of confusion (17/48)
Scrolls
 f - 2 scrolls of recharging {unknown}
 h - 2 scrolls of random uselessness {unknown}
 i - 2 scrolls of amnesia {unknown}
 j - a scroll of fear {unknown}
 l - 4 scrolls of identify {unknown}
 m - 2 scrolls of teleportation {unknown}
 t - 3 scrolls of remove curse {unknown}
 v - 3 scrolls of enchant weapon {unknown}
Potions
 d - a potion of curing
 e - a potion of lignification
 p - a potion of magic
 r - a potion of flight {unknown}
 s - 2 potions of cure mutation {unknown}
 u - a potion of degeneration {unknown}
 w - a potion of might {unknown}
 A - a potion of cancellation {unknown}
Comestibles
 b - a slice of pizza
 c - 4 bread rations
 k - a fruit
 x - a meat ration


   Skills:
 + Level 4.8 Fighting
 * Level 8.5 Maces & Flails
 * Level 5.4 Armour
 + Level 3.5 Dodging
 + Level 3.1 Stealth


You had 7 spell levels left.
You didn't know any spells.

Dungeon Overview and Level Annotations

Branches:
Dungeon (6/15)             Temple (1/1) D:5

Altars:
Ashenzari
Cheibriados
Dithmenos
Elyvilon
Fedhas
Gozag
Hepliaklqana
Kikubaaqudgha
Makhleb
Nemelex Xobeh
Okawaru
Qazlal
Ru
Sif Muna
Trog
Uskayaw
Vehumet
Yredelemnul
Zin
The Shining One

Shops:
D:4 =   D:5 !

Annotations:
D:6 bananaglory's ghost, novice TeFE


Innate Abilities, Weirdness & Mutations

You are resistant to torment.
Your stone body is resilient. (AC +5)
You are immune to poison.
You resist negative energy. (rN+)
You are resistant to electric shocks. (rElec)
You can survive without breathing.
You are immune to petrification.
You are immune to rotting.
You have large cloven feet.
You regenerate slowly when monsters are visible.


Message History

You closely miss bananaglory's ghost. Your kick misses bananaglory's ghost.
Bananaglory's ghost is severely damaged.
You are covered in liquid flames!
Bananaglory's ghost sprays you with burning goo.
The sticky flame hits you!
You are covered in liquid flames!
You closely miss bananaglory's ghost.
You kick bananaglory's ghost, but do no damage.
Bananaglory's ghost is severely damaged.
You are covered in liquid flames!
* * * LOW HITPOINT WARNING * * *
Bananaglory's ghost hits you but does no damage.
It was a potion of brilliance.
You feel clever all of a sudden.
You are covered in liquid flames!
* * * LOW HITPOINT WARNING * * *
Bananaglory's ghost hits you but does no damage.
It was a potion of magic.
Magic courses through your body.
You are covered in liquid flames!
You die...

......#
#.......'...'....(..#
......#
#.......#...#.......#
......#
##.....##...##.....##
......#
##...###...###...##
......# ##### #...#
##### ......#
##...###...# ....(.#
##.....##...# ......#
#.......#...#...
......#
#.....@W'...'....
......#
#.......#...#....
......#
##.....##...##.(.
......#
##...##.....##..
......# #####
......### .....
##...... ......
...... ......########
...... .............#


You could see bananaglory's ghost.

Vanquished Creatures
  A black bear (D:6)
  2 sky beasts (D:5)
  3 ogres
  A phantom (D:4)
  A centaur (D:6)
  A scorpion (D:6)
  The ghost of markt42 the Cudgeler, a weakling GrMo (D:3)
  2 crimson imps
  A quasit (D:5)
  A bullfrog zombie (D:5)
  A jelly (D:5)
  3 orc priests (D:5)
  A bullfrog skeleton (D:4)
  A hound (D:5)
  A centaur skeleton (D:4)
  An orc wizard (D:5)
  Jessica (D:2)
  An iguana (D:4)
  3 worker ants
  A worker ant zombie (D:5)
  4 gnolls (D:2)
  2 adders
  2 shadow imps (D:5)
  2 oozes
  4 worms
  3 dart slugs
  8 leopard geckos
  16 orcs
  11 bats
  2 giant cockroaches (D:3)
  8 goblins
  8 hobgoblins
  10 jackals
  12 kobolds
  A quokka (D:2)
  5 frilled lizards
  8 rats
134 creatures vanquished.

Vanquished Creatures (others)
  A quokka (D:3)
1 creature vanquished.

Grand Total: 135 creatures vanquished

Notes
Turn   | Place    | Note
-------+----------+-------------------------------------------
     0 | D:1      | markt42 the Gargoyle Monk began the quest for the Orb.
     0 | D:1      | Reached XP level 1. HP: 14/14 MP: 1/1
   269 | D:1      | Reached XP level 2. HP: 14/19 MP: 2/2
   511 | D:1      | Reached XP level 3. HP: 15/23 MP: 3/3
  1126 | D:2      | Reached skill level 1 in Armour
  1307 | D:2      | Reached XP level 4. HP: 20/28 MP: 4/4
  1321 | D:2      | Reached skill level 4 in Maces & Flails
  1900 | D:2      | Noticed Jessica
  1902 | D:2      | Killed Jessica
  1902 | D:2      | Reached XP level 5. HP: 33/33 MP: 5/5
  2582 | D:3      | Found a white marble altar of Elyvilon.
  2808 | D:3      | Found a sacrificial altar of Ru.
  2808 | D:3      | Found a shadowy altar of Dithmenos.
  2810 | D:3      | Found a radiant altar of Vehumet.
  2813 | D:3      | Found an opulent altar of Gozag.
  2814 | D:3      | Found a glowing golden altar of the Shining One.
  2814 | D:3      | Found a white marble altar of Elyvilon.
  2814 | D:3      | Found a glowing silver altar of Zin.
  2814 | D:3      | Found a hide-covered altar of Uskayaw.
  2815 | D:3      | Found an ancient bone altar of Kikubaaqudgha.
  2870 | D:3      | Noticed markt42's ghost (weakling GrMo)
  2888 | D:3      | Killed markt42's ghost
  3198 | D:4      | Noticed a phantom
  3234 | D:4      | Killed a phantom
  3234 | D:4      | Reached skill level 5 in Maces & Flails
  3234 | D:4      | Reached XP level 6. HP: 18/38 MP: 6/6
  3753 | D:4      | Found Avedo's Jewellery Emporium.
  3901 | D:4      | Reached XP level 7. HP: 43/43 MP: 7/7
  4273 | D:4      | Reached skill level 6 in Maces & Flails
  4352 | D:5      | Entered Level 5 of the Dungeon
  4434 | D:5      | Gained mutation: You regenerate slowly when monsters are visible. [mutagenic meat]
  4435 | D:5      | Gained mutation: You have large cloven feet. [mutagenic meat]
  4855 | D:5      | Reached skill level 7 in Maces & Flails
  5005 | D:5      | Reached XP level 8. HP: 45/48 MP: 8/8
  5098 | D:5      | Found Nunn's Distillery.
  5104 | D:5      | Bought a potion of heal wounds for 50 gold pieces
  5104 | D:5      | Bought a potion of heal wounds for 50 gold pieces
  5609 | D:5      | Found a staircase to the Ecumenical Temple.
  5807 | Temple   | Entered the Ecumenical Temple
  5938 | Temple   | Became a worshipper of Warmaster Okawaru
  5938 | Temple   | Reached * piety under Okawaru
  5938 | Temple   | Reached ** piety under Okawaru
  6188 | D:5      | Reached skill level 5 in Armour
  6558 | D:6      | Reached skill level 8 in Maces & Flails
  6587 | D:6      | HP: 2/48 [centaur (5)]
  6977 | D:6      | Noticed bananaglory's ghost (novice TeFE)
  7014 | D:6      | Incinerated by bananaglory's ghost

Skill      XL: |  1  2  3  4  5  6  7  8 |
---------------+-------------------------+-----
Armour         | 1 2 3 4 5 |  5.4
Maces & Flails | 4 5 7 8 |  8.5
Dodging        | 3 |  3.5
Fighting       | 4 |  4.8
Stealth        | 3 |  3.1

Action                   |  1- 3 |  4- 6 |  7- 9 || total
-------------------------+-------+-------+-------++-------
Melee: Mace              |   129 |   247 |   362 ||   738
       Kick              |       |       |    69 ||    69
Invok: Heroism           |       |       |     1 ||     1
  Use: Potion            |       |     4 |     8 ||    12
 Stab: Sleeping          |     5 |     2 |       ||     7
  Eat: Chunk             |     1 |     9 |    12 ||    22
Armor: Robe              |    30 |       |       ||    30
       Ring mail         |    11 |    86 |       ||    97
       Skin              |       |    12 |    14 ||    26
       Chain mail        |       |    12 |   260 ||   272
Dodge: Dodged            |   115 |   144 |   135 ||   394
